 Dungeon Crawl Stone Soup version 0.27-a0-1065-ge809cff456 (webtiles) character file.

Game seed: 5229153941775306398

184 rageheart7 the Skirmisher (level 5, -1/43 HPs)
             Began as a Demonspawn Monk on Apr 23, 2021.
             Slain by Sigmund
             ... wielding a +0 scythe of protection
              (6 damage)
             ... on level 3 of the Dungeon.
             The game lasted 00:04:54 (3893 turns).

rageheart7 the Skirmisher (Demonspawn Monk)         Turns: 3893, Time: 00:04:55

Health: -1/43      AC:  6    Str: 19    XL:     5   Next: 36%
Magic:  6/6        EV: 11    Int: 15    God:
Gold:   106        SH:  0    Dex: 15    Spells: 4/6 levels left

rFire    . . .     SeeInvis .   a - +0 falchion
rCold    . . .     Faith    .   (no shield)
rNeg     . . .     Spirit   .   h - +0 ring mail {Will+}
rPois    .         Reflect  .   q - +0 helmet
rElec    .         Harm     .   (no cloak)
rCorr    +         Rampage  .   (no gloves)
Will     +....                  (no boots)
Stlth    ++........             o - amulet of regeneration
HPRegen  1.14/turn              d - +6 ring of strength
MPRegen  0.10/turn              k - ring of resist corrosion

@: mighty, attractive
A: claws 1, big brain 2
a: no special abilities


You were on level 3 of the Dungeon.
You visited 1 branch of the dungeon, and saw 3 of its levels.

You collected 106 gold pieces.

Inventory:

Hand Weapons
 a - a +0 falchion (weapon)
Armour
 h - a +0 ring mail of willpower (worn)
 q - a +0 helmet (worn)
Jewellery
 d - a +6 ring of strength (left claw)
 k - a ring of resist corrosion (right claw)
 o - an amulet of regeneration (around neck)
Scrolls
 j - a scroll of noise {unknown}
 l - a scroll of acquirement {unknown}
 p - a scroll of enchant armour {unknown}
 r - a scroll of vulnerability {unknown}
Potions
 g - a potion of flight {unknown}
 i - a potion of magic {unknown}
 m - a potion of invisibility {unknown}
 n - a potion of berserk rage {unknown}


   Skills:
 * Level 4.3 Fighting
 * Level 4.0 Long Blades
 - Level 2.6 Dodging
 + Level 2.8 Stealth
 + Level 1.1 Spellcasting


You had 4 spell levels left.
You knew the following spells:

 Your Spells              Type           Power      Damage    Failure   Level
a - Call Imp              Summ           0%         N/A       54%         2

Your spell library contained the following spells:

 Spells                   Type           Power      Damage    Failure   Level
 Summon Small Mammal      Summ           0%         N/A       38%         1
 Call Canine Familiar     Summ           0%         N/A       77%         3
 Summon Guardian Golem    Hex/Summ       0%         N/A       77%         3
 Summon Ice Beast         Ice/Summ       0%         N/A       99%         4
 Summon Lightning Spire   Summ/Air       0%         N/A       99%         4


Dungeon Overview and Level Annotations

Branches:
Dungeon (3/15)

Altars:

Shops:
D:3 ?

Annotations:
D:3 Sigmund


Innate Abilities, Weirdness & Mutations

You have sharp fingernails.
You have an extremely huge brain. (Int +4)


Message History

Sigmund barely misses you.
You hit Sigmund.
Sigmund is moderately wounded.
Sigmund says, "Look into my eyes."
Sigmund hits you with a +0 scythe of protection!
You barely miss Sigmund.
Sigmund is moderately wounded.
Sigmund hits you with a +0 scythe of protection.
You hit Sigmund.
Sigmund is moderately wounded.
Sigmund barely misses you.
You closely miss Sigmund.
Sigmund is moderately wounded.
Sigmund hits you with a +0 scythe of protection.
You closely miss Sigmund.
Sigmund is moderately wounded.
Sigmund closely misses you.
You hit Sigmund.
Sigmund is heavily wounded.
Sigmund points at himself and mumbles some strange words.
Sigmund flickers and vanishes!
Deactivating autopickup; reactivate with Ctrl-A.
You hit something. Something hits you.
You hit something. Something hits you!
You miss something. Something hits you.
* * * LOW HITPOINT WARNING * * *
Something hits you.
* * * LOW HITPOINT WARNING * * *
It was a potion of curing.
You feel better. Something hits you.
* * * LOW HITPOINT WARNING * * *
It was a potion of might.
You feel very mighty all of a sudden. Something hits you.
* * * LOW HITPOINT WARNING * * *
You slash something! Something hits you.
* * * LOW HITPOINT WARNING * * *
You miss something. Something hits you.
* * * LOW HITPOINT WARNING * * *
You barely miss something. Something hits you.
You die...

.....)...######
#............. #.......##
#... .. ..........# #..# #.
#########†# #..# #. #.# #..#
#. .. #J# #..# #. #. #{#
#..# ###. #. ######### #@#
#..#######.#. #.#
#.......###.####.........#..
#.#
#.#####..........########.#.
#.####.######....###### #.##
.................# #.##
.......######...## #...
#..###.# ##.## ####
##.#.#.#######.#
..).#..........########


You could see an endoplasm.

Vanquished Creatures
  Robin (D:3)
  8 adders
  An adder skeleton (D:2)
  4 worms (D:2)
  2 dart slugs
  8 endoplasms
  3 giant cockroaches
  11 goblins
  9 hobgoblins
  6 jackals
  8 kobolds
  2 quokkas (D:1)
  4 ball pythons
  7 bats
  3 frilled lizards
  6 rats
83 creatures vanquished.

Vanquished Creatures (others)
  A goblin (D:3)
1 creature vanquished.

Grand Total: 84 creatures vanquished

Notes
Turn   | Place    | Note
-------+----------+-------------------------------------------
     0 | D:1      | rageheart7 the Demonspawn Monk began the quest for the Orb.
     0 | D:1      | Reached XP level 1. HP: 18/18 MP: 1/1
    84 | D:1      | Gained mutation: You have an unusually large brain. (Int
                  | +2) [demonic ancestry]
    84 | D:1      | Reached XP level 2. HP: 5/24 MP: 2/2
  1188 | D:1      | Gained mutation: You have an extremely huge brain. (Int +4)
                  | [demonic ancestry]
  1188 | D:1      | Reached XP level 3. HP: 24/29 MP: 3/3
  1990 | D:2      | Learned a level 2 spell: Call Imp
  2218 | D:2      | Gained mutation: You have sharp fingernails. [demonic
                  | ancestry]
  2218 | D:2      | Reached XP level 4. HP: 33/37 MP: 4/4
  3529 | D:3      | Reached XP level 5. HP: 37/42 MP: 6/6
  3663 | D:3      | Reached skill level 1 in Spellcasting
  3701 | D:3      | Found a faded altar of an unknown god.
  3732 | D:3      | Found Ylufyojo's Magic Scroll Boutique.
  3794 | D:3      | Noticed Robin
  3810 | D:3      | Killed Robin
  3860 | D:3      | Noticed Sigmund
  3893 | D:3      | Slain by Sigmund

Illustrated notes

Levels and vault maps discovered:
D:1:      evilmike_arrival_hilbert_curve, layout_loops_ring, serial_aquarium,
          aquarium_bridge_square [aquarium_subvault_window,
          aquarium_subvault_wall, aquarium_subvault_wall,
          aquarium_subvault_bridge], aquarium_bridge_square
          [aquarium_subvault_bridge, aquarium_subvault_balcony,
          aquarium_subvault_window, aquarium_subvault_bridge],
          aquarium_window_fake, aquarium_window_fake, aquarium_window_2,
          aquarium_view_2d, aquarium_pool_1
D:2:      layout_loops_ring
D:3:      layout_loops_ring, shapermc_ecumenical_altar_mp_ritualfount,
          serial_shops, nicolae_shop_stone, uniq_robin, uniq_sigmund

Skill      XL: |  1  2  3  4  5 |
---------------+----------------+-----
Stealth        | 2 |  2.8
Long Blades    | 3 4 |  4.0
Fighting       | 4 |  4.3
Spellcasting   | 1 |  1.1
Dodging        | |  2.6

Action                   |  1- 3 |  4- 6 || total
-------------------------+-------+-------++-------
Melee: Falchion          |   132 |   161 ||   293
  Use: Scroll            |       |     3 ||     3
       Potion            |       |     5 ||     5
 Stab: Sleeping          |     3 |     7 ||    10
Armor: Robe              |    17 |    11 ||    28
       Ring mail         |       |    26 ||    26
Dodge: Dodged            |    85 |    91 ||   176
       Rpst.: Falchion   |    35 |    36 ||    71

Table legend: (Time is in decaauts)
 A = Elapsed time spent in this place.
 B = Non-inter-level travel time spent in this place.
 C = Inter-level travel time spent in this place.
 D = Time resting spent in this place.
 E = Time spent auto-exploring this place.
 F = Levels seen in this place.
 G = Mean time per level.
                   A        B        C        D        E       F      G
               +--------+--------+--------+--------+--------+-----+--------+
         Total |   3928 |   3862 |     66 |      0 |   3177 |   3 | 1309.3 |
       Dungeon |   3928 |   3862 |     66 |      0 |   3177 |   3 | 1309.3 |
               +--------+--------+--------+--------+--------+-----+--------+

Top non-repeatable levels by time:
     D:1: 1866 daAuts
     D:2: 1586 daAuts
     D:3: 475 daAuts
